 Dungeon Crawl Stone Soup version 0.30-a0-557-ge2afbf3030 (webtiles) character file.

Game seed: 9158451868382425012

60 demibob the Slasher (level 3, 0/27 HPs)
             Began as a Demonspawn Gladiator on Dec 28, 2022.
             Killed by divine providence
             ... invoked by an orc priest
              (11 damage)
             ... on level 2 of the Dungeon.
             The game lasted 00:02:19 (1379 turns).

demibob the Slasher (Demonspawn Gladiator)          Turns: 1379, Time: 00:02:20

Health: 0/27       AC: 11    Str: 16    XL:     3   Next: 80%
Magic:  3/3        EV: 10    Int:  9    God:
Gold:   120        SH:  0    Dex: 14    Spells: 2/2 levels left

rFire   . . .      SeeInvis .    a - +0 long sword
rCold   . . .      Faith    .    (no shield)
rNeg    . . .      Spirit   .    k - +4 scale mail
rPois   .          Reflect  .    c - +0 helmet
rElec   .          Harm     .    (no cloak)
rCorr   .          Rampage  .    (no gloves)
Will    .....                    (no boots) Stlth
                                 (no amulet)
HPRegen 0.24/turn                (no ring)
MPRegen 0.16/turn                (no ring)

@: hasted, studying Unarmed Combat, very quick
A: magic regeneration
a: no special abilities


You were on level 2 of the Dungeon.
You visited 1 branch of the dungeon, and saw 2 of its levels.

You collected 120 gold pieces.


Innate Abilities, Weirdness & Mutations

You regenerate magic rapidly.


   Skills:
 - Level 2.0 Fighting
 - Level 4.0 Long Blades
 - Level 1.7 Throwing
 + Level 0.6 Armour
 - Level 2.6 Dodging
 * Level 1.7 Unarmed Combat


You had 2 spell levels left.
You didn't know any spells.
Your spell library contained the following spells:

 Spells                   Type           Power      Damage    Failure   Level
 Blink                    Tloc           0%         N/A       93%         2
 Manifold Assault         Tloc           0%         N/A       100%        4
 Storm Form               Tmut/Air       0%         N/A       100%        7

Inventory:

Hand Weapons
 a - a +0 long sword (weapon)
Missiles
 d - 3 throwing nets (quivered) {=f}
 e - a javelin
Armour
 b - a +0 leather armour
 c - a +0 helmet (worn)
 k - a +4 scale mail (worn)
 n - a +0 pair of boots
Jewellery
 S - a +6 ring of strength
Scrolls
 m - 2 scrolls of fear
 o - a scroll of noise {unknown}
 p - a scroll of enchant armour
 q - a scroll of vulnerability {unknown}
Potions
 f - a potion of curing {@q1}
 h - 2 potions of mutation
 i - a potion of degeneration {unknown}
 l - a potion of resistance {unknown}

Dungeon Overview and Level Annotations

Branches:
Dungeon (2/15)

Altars:

Shops:
D:2

( #............#
#..÷.............. #............#
#.................
#.....)......###....)............
.................................
......##........................#
......##...............<#+#.....#
......##..........#######.#.....#
#..............#..........#.....#
..▒▒▒▒▒▒▒▒▒....#@o...............
........#)................
..~.....#o................
o.........................
o...o.....................
..o.......................
..~.......................
..........................
▒▒▒▒......................


You could see an orc priest and an orc.


Message History

You barely miss the orc priest. The orc priest completely misses you.
The orc hits you but does no damage.
You hit the orc priest.
The orc priest is lightly wounded.
You closely miss the orc priest.
The orc priest is lightly wounded.
The orc closely misses you.
The orc priest hits you with a +0 hand axe.
You hit the orc priest.
The orc priest is moderately wounded.
The orc completely misses you.
You closely miss the orc priest.
The orc priest is moderately wounded.
The orc priest invokes the aid of Beogh against you.
Pain shoots through your body!
* * * LOW HITPOINT WARNING * * *
The orc hits you from afar with a +0 trident.
* * * LOW HITPOINT WARNING * * *
You are too injured to fight recklessly!
You are too injured to fight recklessly!
You slash the orc priest!
The orc priest is almost dead.
The orc priest hits you but does no damage.
You hit the orc priest but do no damage.
The orc priest is almost dead.
The orc hits you from afar with a +0 trident.
* * * LOW HITPOINT WARNING * * *
The orc priest calls down the wrath of Beogh upon you.
Beogh smites you!
You die...

Skill      XL: |  1  2  3 |
---------------+----------+-----
Long Blades    | 3 4 |  4.0
Unarmed Combat | 1 |  1.7
Fighting       | |  2.0
Throwing       | |  1.7
Armour         | |  0.6
Dodging        | |  2.6

Action                   || total
-------------------------++-------
Melee: Long sword        ||   145
       Punch             ||     2
  Use: Scroll            ||     5
       Potion            ||     2
Armor: Leather armour    ||    15
       Scale mail        ||    78
Dodge: Dodged            ||   115

Levels and vault maps discovered:
D:1:      sevenhm_arrival_forest_fort_large_4, layout_loops_ring
D:2:      cheibrodos_pilgrimage, layout_basic, serial_shops, shop

Notes
Turn   | Place    | Note
-------+----------+-------------------------------------------
     0 | D:1      | demibob the Demonspawn Gladiator began the quest for the
                  | Orb.
     0 | D:1      | Reached XP level 1. HP: 16/16 MP: 1/1
    69 | D:1      | Reached skill level 3 in Long Blades
   194 | D:1      | Gained mutation: You regenerate magic rapidly. [demonic
                  | ancestry]
   194 | D:1      | Reached XP level 2. HP: 9/22 MP: 2/2
   952 | D:2      | Reached XP level 3. HP: 20/27 MP: 3/3
  1040 | D:2      | Reached skill level 4 in Long Blades
  1056 | D:2      | Found Emianwer's Weapon Shop.
  1158 | D:2      | Reached skill level 1 in Unarmed Combat
  1379 | D:2      | Killed from afar by an orc priest

Vanquished Creatures
  An adder (D:2)
  3 dart slugs (D:1)
  3 orcs (D:2)
  4 bats
  An endoplasm (D:1)
  2 giant cockroaches (D:1)
  5 hobgoblins
  4 jackals (D:2)
  4 kobolds
  2 quokkas (D:1)
  3 ball pythons
  2 frilled lizards
  6 rats
40 creatures vanquished.

Table legend: (Time is in decaauts)
 A = Elapsed time spent in this place.
 B = Non-inter-level travel time spent in this place.
 C = Inter-level travel time spent in this place.
 D = Time resting spent in this place.
 E = Time spent auto-exploring this place.
 F = Levels seen in this place.
 G = Mean time per level.
                   A        B        C        D        E       F      G
               +--------+--------+--------+--------+--------+-----+--------+
         Total |   1406 |   1342 |     64 |     47 |    938 |   2 |  703.0 |
       Dungeon |   1406 |   1342 |     64 |     47 |    938 |   2 |  703.0 |
               +--------+--------+--------+--------+--------+-----+--------+

Top non-repeatable levels by time:
     D:1: 895 daAuts
     D:2: 510 daAuts

Table legend:
 A = Non-vault XP
 B = Vault XP
 C = Vault XP percentage of total XP
 D = Non-vault monster count
 E = Vault monster count
 F = Vault count percentage of total count
                 A         B        C        D         E       F
            +---------+---------+-------+---------+---------+-------
      Total |      77 |       9 |  10.5 |      37 |       3 |   7.5
            +---------+---------+-------+---------+---------+-------
        D:1 |      36 |       0 |   0.0 |      18 |       0 |   0.0
        D:2 |      41 |       9 |  18.0 |      19 |       3 |  13.6
            +---------+---------+-------+---------+---------+-------
